Map: Frost LE

Players

blackxored - Winner!

  • Race: Zerg Zerg
  • League: Diamond

DroneRusher

  • Race: Zerg Zerg
  • League: Platinum

VOD

Have the link to the VOD?

Description

Time

  • Played on: July 1, 2016, 8:28 a.m.
  • Length: 5:09
Show
View Real Time Build Order
Export as new Build Order

blackxored Zerg - Winner!

Build Orders: Pool First, Zergling Baneling 

Get SALT Encoding   

  12  0:02  Drone  
  13  0:11  Drone  
  14  0:24  Extractor  
  14  0:25  Drone  
  14  0:33  Spawning Pool  
  13  0:35  Drone  
  14  0:48  Extractor  
  14  0:49  Drone  
  14  0:50  Overlord  
  15  1:10  Drone x2  
  17  1:26  Queen  
  17  1:28  Zergling x4  
  21  1:38  Metabolic Boost  
  21  1:39  Zergling x2  
  22  1:47  Extractor  
  22  1:48  Zergling x2  
  22  1:54  Overlord  
  23  2:07  Baneling Nest  
  22  2:14  Zergling x2  
  23  2:21  Zergling x2  
  24  2:28  Drone  
  25  2:32  Hatchery  
  25  2:36  Zergling x2  
  25  2:37  Zergling x2  
  24  2:52  Zergling x6  
  26  3:03  Baneling x3  
  26  3:04  Baneling x2  
  26  3:07  Zergling x2  
  27  3:15  Zergling x2  
  25  3:34  Zergling x8  
  25  3:39  Baneling x3  
  27  3:42  Zergling x2  
  28  3:53  Zergling x4  
  28  3:54  Baneling x2  
  29  4:01  Zergling x4  
  29  4:02  Zergling x2  
  31  4:07  Zergling x2  
  31  4:29  Baneling x6  
  31  4:32  Drone x3  
  31  4:36  Drone  
Show
View Real Time Build Order
Export as new Build Order

DroneRusher Zerg 

Build Orders: Hatch First 

Get SALT Encoding   

  12  0:00  Drone  
  13  0:11  Drone  
  14  0:35  Hatchery  
  13  0:40  Drone  
  14  0:54  Spawning Pool  
  13  0:59  Drone  
  13  1:01  Extractor  
  13  1:07  Overlord  
  13  1:15  Drone  
  14  1:23  Extractor, Drone  
  15  1:27  Drone  
  15  1:32  Drone  
  17  1:43  Drone  
  18  1:48  Drone  
  18  1:50  Spine Crawler  
  18  1:59  Queen  
  20  2:04  Drone  
  20  2:07  Drone  
  22  2:11  Drone  
  23  2:21  Queen  
  25  2:27  Overlord  
  25  2:32  Drone  
  26  2:37  Zergling x2  
  26  2:38  Zergling x2  
  27  2:52  Zergling x4  
  27  2:58  Metabolic Boost  
  29  3:07  Baneling Nest  
  29  3:10  Drone x2  
  30  3:23  Spine Crawler  
  27  3:28  Spine Crawler  
  27  3:30  Zergling x6  
  25  3:40  Zergling x2  
  25  3:41  Zergling x4  
  24  3:47  Zergling x4  
  21  4:02  Zergling x2  
  21  4:03  Zergling x4  
  21  4:07  Zergling x4  
  25  4:16  Zergling x4  
  27  4:24  Baneling x4  
  25  4:33  Zergling x2  
  25  4:36  Drone x2  
Tags
 
Add a new tag
Caveats
  • Supply blocks, unpowered buildings, or Contaminate may cause inaccurate times.
  • Supply counts are checked every 10 seconds.